 Dungeon Crawl Stone Soup version 0.32-a0-656-g3542139ebd (webtiles) character file.

Game seed: 10565986843915475728

86 Dittersdorf the Covered (level 4, 0/29 HPs)
             Began as a Gargoyle Fighter on Mar 8, 2024.
             Slain by a small abomination (18 damage)
             ... on level 1 of the Abyss.
             The game lasted 00:01:22 (1125 turns).

Dittersdorf the Covered (Gargoyle Fighter)          Turns: 1125, Time: 00:01:22

Health: 0/29       AC: 10    Str: 21    XL:     4   Next: 50%
Magic:  4/4        EV:  9    Int:  9    God:
Gold:   110        SH:  5    Dex:  9    Spells: 3/3 levels left

rFire   . . .        a - +1 flail
rCold   . . .        c - +1 buckler
rNeg    + . .        b - +0 scale mail
rPois   ∞            (no helmet)
rElec   +            (no cloak)
rCorr   .            (no gloves)
SInv    .            (no boots)
Will    .....        (no amulet) Stlth
                     (no ring)
HPRegen 0.24/turn    (no ring)
MPRegen 0.09/turn

%: no passive effects
@: no status effects
A: sickness immunity, AC +3, negative energy resistance 1, electricity
resistance, torment resistance 1, petrification resistance
a: no special abilities


You were on level 1 of the Abyss.
You visited 1 branch of the dungeon, and saw 2 of its levels.
You visited the Abyss 1 time.

You collected 110 gold pieces.

Inventory:

Hand Weapons
 a - a +1 flail (weapon)
Armour
 b - a +0 scale mail (worn)
 c - a +1 buckler (worn)
Jewellery
 f - a ring of flight
Potions
 d - a potion of might
 e - a potion of lignification
 g - 2 potions of haste {unknown}


   Skills:
 + Level 3.9 Fighting
 + Level 2.9 Maces & Flails
 + Level 4.0 Armour
 + Level 4.0 Shields


You had 3 spell levels left.
You didn't know any spells.
Your spell library was empty.

Dungeon Overview and Level Annotations

Branches:
Dungeon (2/15)

Altars:

Shops:
D:1 :


Innate Abilities, Weirdness & Mutations

You are immune to sickness and miasma.
Your stone body is resilient. (AC +3)
You are immune to poison.
You resist negative energy. (rN+)
You are resistant to electric shocks. (rElec)
You are resistant to unholy torment.
You are immune to petrification.


Message History

The goblin hits you but does no damage. Space warps around you.
You closely miss the goblin. You block the goblin's attack.
The goblin barely misses you.
You hit the goblin.
The goblin is severely wounded.
You block the goblin's attack.
You closely miss the goblin.
The goblin is severely wounded.
The goblin hits you with a +2 dagger of distortion.
You blink.
An endoplasm, a goblin and an adder come into view.
Found 7 gold pieces.
Found a stone staircase leading up.
The goblin shouts!
The adder hisses angrily.
A ball python comes into view.
The ball python hisses angrily.
You thump the endoplasm!
You kill the endoplasm!
A giant cockroach comes into view.
The goblin hits you but does no damage.
You are cast into the Abyss!
This branch contains the abyssal rune of Zot.
There is an empty arch of ancient stone here.
You start resting.
HP restored.
A large abomination comes into view.
A small abomination comes into view.
As you read the scroll labelled REDDYU LATUOD, it crumbles to dust.
It is a scroll of enchant armour.
Your +0 buckler glows green for a moment.
As you read the scroll labelled DATWUC KUGIFEA, it crumbles to dust.
It is a scroll of enchant weapon.
Your +0 flail glows red for a moment.
As you read the scroll labelled NOPPUOKYISK, it crumbles to dust.
It is a scroll of identify.
e - a potion of lignification The small abomination hits you!
The small abomination hits you!!
Ouch! That really hurt!
You die...

.. .#. . .# .. #. #.
.. ## ## .##.#..###
. ..#..#.##.#.#. ##
......#.#..####..#.#
#...#.... #. ... ..
#.@.#..##...##.#..§
#.#x## .X#### .
..#..#..### .
#....#X.#. ..
#...#.###.#.# .
.#.... .#... #..#.##
. ..## .#.# ... .#.#
..# .#.. # ...


You could see a large abomination and a small abomination.

Vanquished Creatures
  An iguana (D:2)
  2 adders (D:2)
  5 endoplasms
  A giant cockroach (D:1)
  6 hobgoblins (D:1)
  3 jackals (D:1)
  2 quokkas
  A ball python (D:1)
  10 bats
  2 frilled lizards (D:1)
  4 goblins
  5 kobolds
  A rat (D:1)
43 creatures vanquished.

Notes
Turn   | Place    | Note
-------+----------+-------------------------------------------
     0 | D:1      | Dittersdorf the Gargoyle Fighter began the quest for the
                  | Orb.
     0 | D:1      | Reached XP level 1. HP: 14/14 MP: 1/1
   113 | D:1      | Reached XP level 2. HP: 11/19 MP: 2/2
   412 | D:1      | Reached XP level 3. HP: 19/23 MP: 3/3
   496 | D:1      | Found Todagyi's Vocational Training.
   940 | D:2      | Reached XP level 4. HP: 24/29 MP: 4/4
  1074 | Abyss:1  | Cast into level 1 of the Abyss (goblin)
  1111 | Abyss:1  | Noticed a large abomination
  1117 | Abyss:1  | Noticed a small abomination
  1125 | Abyss:1  | Slain by a small abomination

Illustrated notes

Levels and vault maps discovered:
D:1:      scummos_arrival_simple_crosswalls, layout_loops_corners,
          nicolae_shop_vocational
D:2:      layout_rooms, serial_shops, nicolae_shop_pleasant_corner_grove,
          nicolae_shop_temple_entry_statues_fountains, basic_altar,
          serial_forest, infiniplex_forest_end_3, infiniplex_forest_end_3,
          infiniplex_forest_lined_room_, infiniplex_forest_lined_3,
          infiniplex_forest_clump_long, infiniplex_forest_corner_1,
          infiniplex_forest_pool, minivault_4, minmay_tree_intersection,
          minmay_indecisive_spiral
Abyss:1:  base:
Temple

Skill      XL: |  1  2  3  4 |
---------------+-------------+-----
Armour         | 4 |  4.0
Shields        | 4 |  4.0
Fighting       | |  3.9
Maces & Flails | |  2.9

Action                     |  1- 3 |  4- 6 || total
---------------------------+-------+-------++-------
  Melee: Flail             |   102 |    21 ||   123
    Use: Scroll            |       |     3 ||     3
 Armour: Scale mail        |    85 |    11 ||    96
  Dodge: Dodged            |    65 |    11 ||    76
  Block: Buckler           |    26 |     4 ||    30

Table legend: (Time is in decaauts)
 A = Elapsed time spent in this place.
 B = Non-inter-level travel time spent in this place.
 C = Inter-level travel time spent in this place.
 D = Time resting spent in this place.
 E = Time spent auto-exploring this place.
 F = Levels seen in this place.
 G = Mean time per level.
                   A        B        C        D        E       F      G
               +--------+--------+--------+--------+--------+-----+--------+
         Total |   1162 |   1073 |     89 |      6 |    765 |   3 |  387.3 |
       Dungeon |   1111 |   1022 |     89 |      0 |    765 |   2 |  555.5 |
         Abyss |     50 |     50 |      0 |      6 |      0 |   1 |   50.0 |
               +--------+--------+--------+--------+--------+-----+--------+

Top non-repeatable levels by time:
     D:1: 1020 daAuts
     D:2: 91 daAuts
 Abyss:1: 50 daAuts
